SL
D.C. DIVIDED @ SAN MATEO DIRTY REDS
05/13/2042
 
TOP OF THE 1ST
D.C. Divided batting - Pitching for San Mateo Dirty Reds : RHP Juan Moreno
Pitching: RHP Juan Moreno
Batting: RHB Kimi Okubo 0-0: Called Strike
0-1: Swinging Strike
0-2: Strikes out swinging
Batting: LHB Bill Butler 0-0: Called Strike
0-1: Foul Ball, location: 2F
0-2: Ball
1-2: Ball
2-2: Ground out 4-3 (Groundball, 4, EV 105.0 MPH)
Batting: RHB Francisco Alhama 0-0: Ball
1-0: Called Strike
1-1: Ball
2-1: Foul Ball, location: 2F
2-2: Foul Ball, location: 2F
2-2: Foul Ball, location: 2F
2-2: Ball
3-2: Strikes out swinging
Top of the 1st over - 0 runs, 0 hits, 0 errors, 0 left on base; D.C. 0 - San Mateo 0
BOTTOM OF THE 1ST
San Mateo Dirty Reds batting - Pitching for D.C. Divided : RHP César Sandoval
Pitching: RHP César Sandoval
Batting: LHB Richard Edwards 0-0: Ball
1-0: Ball
2-0: Ground out 5-3 (Groundball, 5L, EV 83.8 MPH)
Batting: RHB Kawenaula Alohalani 0-0: Foul Ball, location: 2F
0-1: Ball
1-1: Ball
2-1: Foul Ball, location: 2F
2-2: Ball
3-2: Foul Ball, location: 2F
3-2: SINGLE (Groundball, 4M, EV 111.2 MPH) (infield hit)
Batting: LHB Esteban Sifuentes 0-0: Called Strike
0-1: Ball
1-1: Foul Ball, location: 2F
1-2: Grounds into double play, 5-4-3 (Groundball, 56S, EV 86.2 MPH)
Bottom of the 1st over - 0 runs, 1 hit, 0 errors, 0 left on base; D.C. 0 - San Mateo 0
TOP OF THE 2ND
D.C. Divided batting - Pitching for San Mateo Dirty Reds : RHP Juan Moreno
Batting: LHB Manuel Carmona 0-0: Foul Ball, location: 2F
0-1: Ground out 4-3 (Groundball, 4, EV 88.1 MPH)
Batting: SHB Billy Dotson 0-0: Foul Ball, location: 2F
0-1: Ball
1-1: Foul Ball, location: 2F
1-2: Ball
2-2: Ball
3-2: Foul Ball, location: 2F
3-2: Ground out U3 (Groundball, 3, EV 90.6 MPH)
Batting: RHB Martín Chávez 0-0: Ground out 2-3 (Groundball, 2L, EV 71.9 MPH)
Top of the 2nd over - 0 runs, 0 hits, 0 errors, 0 left on base; D.C. 0 - San Mateo 0
BOTTOM OF THE 2ND
San Mateo Dirty Reds batting - Pitching for D.C. Divided : RHP César Sandoval
Batting: RHB Javier Sierra 0-0: Ball
1-0: Swinging Strike
1-1: Foul Ball, location: 2F
1-2: Ball
2-2: Foul Ball, location: 2F
2-2: Ground out 1-3 (Groundball, 34S, EV 88.8 MPH)
Batting: RHB Dong-young Won 0-0: Called Strike
0-1: Ball
1-1: Ground out 3-1 (Groundball, 34, EV 89.4 MPH)
Batting: LHB Quitério Ruah 0-0: Called Strike
0-1: Foul Ball, location: 2F
0-2: Foul Ball, location: 2F
0-2: Ball
1-2: Ball
2-2: Ball
3-2: Base on Balls
Batting: LHB Palaie Gaoteote 0-0: Foul Ball, location: 2F
0-1: Foul Ball, location: 2F
0-2: Ball
1-2: Ball
2-2: Ground out 4-3 (Groundball, 4, EV 101.2 MPH)
Bottom of the 2nd over - 0 runs, 0 hits, 0 errors, 1 left on base; D.C. 0 - San Mateo 0
TOP OF THE 3RD
D.C. Divided batting - Pitching for San Mateo Dirty Reds : RHP Juan Moreno
Batting: LHB Buddy Patton 0-0: Called Strike
0-1: Ground out 5-3 (Groundball, 5, EV 85.0 MPH)
Batting: RHB Charles Atkinson 0-0: SINGLE (Line Drive, 4M, EV 102.5 MPH)
Batting: RHB Germán Pérez 0-0: DOUBLE (Line Drive, 78D, EV 113.8 MPH)
Charles Atkinson to third
Runner from 3rd tries for Home, SAFE, no throw by LF
Batting: RHB Kimi Okubo 0-0: Swinging Strike
0-1: Foul Ball, location: 2F
0-2: Ball
1-2: Foul Ball, location: 2F
1-2: Ground out 6-3 (Groundball, 6MS, EV 90.0 MPH)
Germán Pérez to third
Batting: LHB Bill Butler 0-0: Ball
1-0: Ball
2-0: Reached on error, E4 (Groundball, 34, EV 105.0 MPH)
Germán Pérez scores
Batting: RHB Francisco Alhama 0-0: Foul Ball, location: 2F
0-1: Fly out, F9 (Flyball, 89M, EV 89.4 MPH)
Top of the 3rd over - 2 runs, 2 hits, 1 error, 1 left on base; D.C. 2 - San Mateo 0
BOTTOM OF THE 3RD
San Mateo Dirty Reds batting - Pitching for D.C. Divided : RHP César Sandoval
Batting: SHB Shiki Sanu 0-0: Ball
1-0: Ground out U3 (Groundball, 34, EV 91.9 MPH)
Batting: RHB Robby Long 0-0: Foul Ball, location: 2F
0-1: Ball
1-1: Swinging Strike
1-2: Foul Ball, location: 2F
1-2: Strikes out swinging
Batting: LHB Richard Edwards 0-0: Fly out, F8 (Line Drive, 8LM, EV 97.5 MPH)
Bottom of the 3rd over - 0 runs, 0 hits, 0 errors, 0 left on base; D.C. 2 - San Mateo 0
TOP OF THE 4TH
D.C. Divided batting - Pitching for San Mateo Dirty Reds : RHP Juan Moreno
Batting: LHB Manuel Carmona 0-0: Ground out 4-3 (Groundball, 4, EV 89.4 MPH)
Batting: SHB Billy Dotson 0-0: Called Strike
0-1: Swinging Strike
0-2: Ball
1-2: Ball
2-2: Fly out, F9 (Flyball, 9LM, EV 89.4 MPH)
Batting: RHB Martín Chávez 0-0: Foul Ball, location: 2F
0-1: Called Strike
0-2: Ground out 6-3 (Groundball, 6, EV 102.5 MPH)
Top of the 4th over - 0 runs, 0 hits, 0 errors, 0 left on base; D.C. 2 - San Mateo 0
BOTTOM OF THE 4TH
San Mateo Dirty Reds batting - Pitching for D.C. Divided : RHP César Sandoval
Batting: RHB Kawenaula Alohalani 0-0: Ball
1-0: Called Strike
1-1: Swinging Strike
1-2: Strikes out swinging
Batting: LHB Esteban Sifuentes 0-0: Ball
1-0: Swinging Strike
1-1: Ball
2-1: Ball
3-1: Called Strike
3-2: SINGLE (Line Drive, 56, EV 107.5 MPH)
Batting: RHB Javier Sierra 0-0: Fly out, F9 (Flyball, 9LSF, EV 96.2 MPH)
Batting: RHB Dong-young Won 0-0: 2-RUN HOME RUN (Flyball, 9D, EV 98.1 MPH), Distance : 338 ft
Batting: LHB Quitério Ruah 0-0: Ball
1-0: Swinging Strike
1-1: Ball
2-1: Foul Ball, location: 2F
2-2: Strikes out looking
Bottom of the 4th over - 2 runs, 2 hits, 0 errors, 0 left on base; D.C. 2 - San Mateo 2
TOP OF THE 5TH
D.C. Divided batting - Pitching for San Mateo Dirty Reds : RHP Juan Moreno
Batting: LHB Buddy Patton 0-0: Ball
1-0: Swinging Strike
1-1: SINGLE (Groundball, 3D, EV 111.2 MPH)
Batting: RHB Charles Atkinson 0-0: Ball
Wild Pitch!
Buddy Patton to second
1-0: Fly out, F8 (Flyball, 78M, EV 85.6 MPH)
Batting: RHB Germán Pérez 0-0: Swinging Strike
0-1: Ground out 6-3 (Groundball, 6, EV 90.0 MPH)
Batting: RHB Kimi Okubo 0-0: Swinging Strike
0-1: Ball
1-1: Ball
2-1: Ball
3-1: Foul Ball, location: 2F
3-2: Foul Ball, location: 2F
3-2: Fly out, F8 (Flyball, 8RM, EV 98.1 MPH)
Top of the 5th over - 0 runs, 1 hit, 0 errors, 1 left on base; D.C. 2 - San Mateo 2
BOTTOM OF THE 5TH
San Mateo Dirty Reds batting - Pitching for D.C. Divided : RHP César Sandoval
Batting: LHB Palaie Gaoteote 0-0: Swinging Strike
0-1: Ball
1-1: Foul Ball, location: 2F
1-2: Strikes out looking
Batting: SHB Shiki Sanu 0-0: Fly out, F8 (Flyball, 8LXD, EV 91.9 MPH)
Batting: RHB Robby Long 0-0: Called Strike
0-1: Ball
1-1: Foul Ball, location: 2F
1-2: Ball
2-2: Foul Ball, location: 2F
2-2: Ball
3-2: Foul Ball, location: 2F
3-2: Foul Ball, location: 2F
3-2: SOLO HOME RUN (Flyball, 78XD, EV 102.5 MPH), Distance : 371 ft
Batting: LHB Richard Edwards 0-0: Foul Ball, location: 2F
0-1: Foul Ball, location: 2F
0-2: Ball
1-2: Ground out 5-3 (Groundball, 5S, EV 73.8 MPH)
Bottom of the 5th over - 1 run, 1 hit, 0 errors, 0 left on base; D.C. 2 - San Mateo 3
TOP OF THE 6TH
D.C. Divided batting - Pitching for San Mateo Dirty Reds : RHP Juan Moreno
Batting: LHB Bill Butler 0-0: Foul Ball, location: 2F
0-1: Ball
1-1: Ball
2-1: SINGLE (Line Drive, 78M, EV 105.0 MPH)
Batting: RHB Francisco Alhama 0-0: SINGLE (Line Drive, 6MD, EV 100.6 MPH)
Bill Butler to second
Batting: LHB Manuel Carmona 0-0: Fielders Choice at 2nd, 1-6 (Groundball, 34S, EV 89.4 MPH)
Bill Butler to third
Batting: SHB Billy Dotson 0-0: Called Strike
0-1: Ball
1-1: Ball
2-1: Fly out, F7 (Flyball, 78D, EV 94.4 MPH)
Batting: RHB Martín Chávez 0-0: Fly out, F7 (Flyball, 7, EV 92.5 MPH)
Top of the 6th over - 0 runs, 2 hits, 0 errors, 2 left on base; D.C. 2 - San Mateo 3
BOTTOM OF THE 6TH
San Mateo Dirty Reds batting - Pitching for D.C. Divided : RHP César Sandoval
Batting: RHB Kawenaula Alohalani 0-0: Ball
1-0: Ball
2-0: Called Strike
2-1: Called Strike
2-2: Ball
3-2: Fly out, F6 (Line Drive, 6, EV 68.1 MPH)
Pitching: RHP José Quiñones
Batting: LHB Esteban Sifuentes 0-0: Ball
1-0: Foul Ball, location: 2F
1-1: Called Strike
1-2: Foul Ball, location: 2F
1-2: Strikes out swinging
Batting: RHB Javier Sierra 0-0: Ground out 1-3 (Groundball, P, EV 82.5 MPH)
Bottom of the 6th over - 0 runs, 0 hits, 0 errors, 0 left on base; D.C. 2 - San Mateo 3
TOP OF THE 7TH
D.C. Divided batting - Pitching for San Mateo Dirty Reds : RHP Juan Moreno
Batting: LHB Buddy Patton 0-0: Foul Ball, location: 2F
0-1: Ball
1-1: Fly out, F8 (Line Drive, 8LD, EV 88.8 MPH)
Batting: RHB Charles Atkinson 0-0: Ball
1-0: Foul Ball, location: 2F
1-1: Called Strike
1-2: Strikes out looking
Batting: RHB Germán Pérez 0-0: Ball
1-0: Foul Ball, location: 2F
1-1: Swinging Strike
1-2: Fly out, F4 (Popup, 4S, EV 85.6 MPH)
Top of the 7th over - 0 runs, 0 hits, 0 errors, 0 left on base; D.C. 2 - San Mateo 3
BOTTOM OF THE 7TH
San Mateo Dirty Reds batting - Pitching for D.C. Divided : RHP José Quiñones
Batting: RHB Dong-young Won 0-0: Called Strike
0-1: Fly out, F7 (Line Drive, 7D, EV 86.9 MPH)
Batting: LHB Quitério Ruah 0-0: Ball
1-0: Foul Ball, location: 2F
1-1: Ball
2-1: Fly out, F7 (Flyball, 7S, EV 93.1 MPH)
Batting: LHB Palaie Gaoteote 0-0: Ball
1-0: SINGLE (Groundball, 4MD, EV 111.2 MPH)
Batting: SHB Shiki Sanu 0-0: Ball
1-0: Ball
2-0: SINGLE (Popup, 56S, EV 75.0 MPH)
Palaie Gaoteote to second
Batting: RHB Robby Long 0-0: Ball
1-0: Foul Ball, location: 2F
1-1: Ball
2-1: Foul Ball, location: 2F
2-2: Ball
3-2: Ground out 6-3 (Groundball, 6, EV 110.0 MPH)
Bottom of the 7th over - 0 runs, 2 hits, 0 errors, 2 left on base; D.C. 2 - San Mateo 3
TOP OF THE 8TH
D.C. Divided batting - Pitching for San Mateo Dirty Reds : RHP Juan Moreno
Batting: RHB Kimi Okubo 0-0: Ball
1-0: Ball
2-0: Ball
3-0: Called Strike
3-1: Base on Balls
Batting: LHB Bill Butler 0-0: Ball
1-0: Ball
2-0: Ball
3-0: Base on Balls
Kimi Okubo to second
Pitching: RHP Matt Digby
Batting: RHB Francisco Alhama 0-0: Called Strike
0-1: Called Strike
0-2: Ball
1-2: Strikes out looking
Pitching: RHP Jefferson Suhendro
Batting: LHB Manuel Carmona 0-0: Ball
1-0: Ball
2-0: Ball
3-0: Foul Ball, location: 2F
3-1: Foul Ball, location: 2F
3-2: Hit by Pitch
Kimi Okubo to third
Bill Butler to second
Batting: SHB Billy Dotson 0-0: Ball
1-0: GRAND SLAM HOME RUN (Flyball, 7D, EV 89.4 MPH), Distance : 358 ft
Batting: RHB Martín Chávez 0-0: Ground out 1-3 (Groundball, 23, EV 63.8 MPH)
Batting: LHB Buddy Patton 0-0: Foul Ball, location: 2F
0-1: Fly out, F8 (Flyball, 8LM, EV 86.9 MPH)
Top of the 8th over - 4 runs, 1 hit, 0 errors, 0 left on base; D.C. 6 - San Mateo 3
BOTTOM OF THE 8TH
San Mateo Dirty Reds batting - Pitching for D.C. Divided : RHP José Quiñones
Batting: LHB Richard Edwards 0-0: Ball
1-0: Called Strike
1-1: Called Strike
1-2: Foul Ball, location: 2F
1-2: Ball
2-2: Ball
3-2: Foul Ball, location: 2F
3-2: Fly out, F8 (Flyball, 8RXD, EV 86.9 MPH)
Batting: RHB Kawenaula Alohalani 0-0: Called Strike
0-1: Ball
1-1: Swinging Strike
1-2: Ground out 5-3 (Groundball, 56, EV 89.4 MPH)
Batting: LHB Esteban Sifuentes 0-0: Called Strike
0-1: Called Strike
0-2: Ball
1-2: Fly out, F9 (Flyball, 9LMF, EV 105.0 MPH)
Bottom of the 8th over - 0 runs, 0 hits, 0 errors, 0 left on base; D.C. 6 - San Mateo 3
TOP OF THE 9TH
D.C. Divided batting - Pitching for San Mateo Dirty Reds : RHP Jefferson Suhendro
Batting: RHB Charles Atkinson 0-0: Ball
1-0: Ball
2-0: Foul Ball, location: 2F
2-1: Fly out, F4 (Line Drive, 4, EV 73.1 MPH)
Batting: RHB Germán Pérez 0-0: Foul Ball, location: 2F
0-1: Ball
1-1: Swinging Strike
1-2: Ball
2-2: Ball
3-2: Strikes out swinging, 2-3 out at first.
Batting: RHB Kimi Okubo 0-0: Ground out 5-3 (Groundball, 56S, EV 72.5 MPH)
Top of the 9th over - 0 runs, 0 hits, 0 errors, 0 left on base; D.C. 6 - San Mateo 3
BOTTOM OF THE 9TH
San Mateo Dirty Reds batting - Pitching for D.C. Divided : RHP José Quiñones
Pitching: RHP Sidney Crosbie
Batting: RHB Javier Sierra 0-0: Ball
1-0: Called Strike
1-1: Swinging Strike
1-2: Ball
2-2: Foul Ball, location: 2F
2-2: Foul Ball, location: 2F
2-2: Strikes out swinging
Batting: RHB Dong-young Won 0-0: Ball
1-0: Called Strike
1-1: Foul Ball, location: 2F
1-2: Foul Ball, location: 2F
1-2: Foul Ball, location: 2F
1-2: Ball
2-2: Fly out, F7 (Flyball, 7, EV 73.8 MPH)
Batting: LHB Quitério Ruah 0-0: Swinging Strike
0-1: Foul Ball, location: 2F
0-2: Foul Ball, location: 2F
0-2: Foul Ball, location: 2F
0-2: Ball
1-2: Foul Ball, location: 2F
1-2: Fly out, F8 (Flyball, 8RM, EV 85.6 MPH)
Bottom of the 9th over - 0 runs, 0 hits, 0 errors, 0 left on base; D.C. 6 - San Mateo 3
Friday, March 26th, 2021 - OOTP Baseball 20.8 Build 74